 Dungeon Sprint DCSS version 0.28-a0-1594-ga885d4b3d6 (webtiles) character file.

Game seed: 3457975723200266876

9 DarkBird the Skirmisher (level 2, -23/28 HPs)
             Began as a Draconian Cinder Acolyte on Jan 21, 2022.
             Was a High Priest of Ignis.
             Killed from afar by an oklob sapling (31 damage)
             ... with a splash of acid
             ... in the Dungeon (Sprint IV: "Fedhas' Mad Dash").
             The game lasted 00:01:14 (370 turns).

DarkBird the Skirmisher (Draconian Cinder Acolyte)   Turns: 370, Time: 00:01:15

Health: -23/28     AC:  4    Str: 16    XL:     2   Next: 6%
Magic:  3/3        EV: 11    Int: 14    God:    Ignis [*****.]
Gold:   0          SH:  0    Dex:  6    Spells: 3/3 levels left

rFire   + . .      SeeInvis .   a - -1 spear (flame)
rCold   . . .      Faith    .   (no shield)
rNeg    . . .      Spirit   .   (armour unavailable)
rPois   .          Reflect  .   (helmet restricted)
rElec   .          Harm     .   (no cloak)
rCorr   .          Rampage  .   (no gloves)
Will    .....      NoTele   +   (no boots)
Stlth   +.........              (no amulet)
HPRegen 0.09/turn               (no ring)
MPRegen 0.08/turn               (no ring)

@: no status effects
A: AC +4, unfitting armour, cold-blooded
a: Renounce Religion, Fiery Armour, Foxfire Swarm, Rising Flame


You were in the Dungeon.
You worshipped Ignis.
Ignis was extremely pleased with you.
You visited 1 branch

Inventory:

Hand Weapons
 a - a -1 spear of flaming (weapon)
Scrolls
 g - a scroll of blinking
Potions
 d - a potion of haste
 e - 2 potions of magic


   Skills:
 + Level 4.6 Fighting
 + Level 3.5 Polearms
 + Level 0.5 Dodging
 + Level 1.0 Spellcasting
 + Level 3.5 Fire Magic


You had 3 spell levels left.
You didn't know any spells.
Your spell library contained the following spells:

 Spells                   Type           Power      Damage    Failure   Level
 Scorch                   Fire           20%        2d6       10%         2


Dungeon Overview and Level Annotations

Branches:
Dungeon (1/1)

Altars:

Annotations:
D exclusion: oklob sapling


Innate Abilities, Weirdness & Mutations

Your plain brown scales are hard. (AC +4)
You cannot fit into any form of body armour.
You are cold-blooded and may be slowed by cold attacks.


Message History

You feel a strong urge to attack something.
You see here a +0 robe.
You feel your anger nearly subside.
You are no longer berserk.
You are exhausted.
You feel yourself slow down.
You start resting.
You feel yourself speed up.
You start resting.
You recover from your berserk rage.
You start resting.
HP restored.
You start waiting.
Done waiting.
You don't know any spells.
Okay, then.
As you open the door, it creaks loudly!
An oklob sapling comes into view.
The oklob sapling spits acid at you. The splash of acid hits you!!
Ouch! That really hurt!
* * * LOW HITPOINT WARNING * * *
Marking area around an oklob sapling as unsafe for travelling.
Found 32 gold pieces.
Activating: Foxfire Swarm
Press: ? - help, Dir - look around, f - activate Flames leap up around you!
The foxfire hits the oklob sapling but does no damage. x5
The foxfire hits the oklob sapling but does no damage. x2
The foxfire hits the oklob sapling.
The oklob sapling is moderately damaged.
The foxfire hits the oklob sapling.
The oklob sapling is heavily damaged.
The foxfire hits the oklob sapling but does no damage.
The oklob sapling is heavily damaged.
The foxfire hits the oklob sapling but does no damage.
The oklob sapling is heavily damaged.
The oklob sapling spits acid at you. The splash of acid hits you!!
Ouch! That really hurt!
You die...

############ #####
#<..P#.....#.$$$$#
#....'.[§§@'.#
#PPP.#...§§#P#
############ #


You could see an oklob sapling.

Vanquished Creatures
  A river rat (D)
  A rat (D)
2 creatures vanquished.

Vanquished Creatures (others)
  11 foxfires (D)
  3 fungi (D)
14 creatures vanquished.

Grand Total: 16 creatures vanquished

Notes
Turn   | Place    | Note
-------+----------+-------------------------------------------
     0 | D        | DarkBird the Draconian Cinder Acolyte began the quest for
                  | the Orb.
     0 | D        | Reached XP level 1. HP: 19/19 MP: 2/2
    31 | D        | Reached skill level 4 in Fighting
    31 | D        | Reached XP level 2. HP: 8/28 MP: 3/3
   366 | D        | Noticed an oklob sapling
   370 | D        | Killed from afar by an oklob sapling

Illustrated notes

Levels and vault maps discovered:
D:        dungeon_sprint_fedhas [sprint_temple]

Skill      XL: |  1 |
---------------+----+-----
Fighting       | 4 |  4.6
Polearms       | |  3.5
Dodging        | |  0.5
Spellcasting   | |  1.0
Fire Magic     | |  3.5

Action                   || total
-------------------------++-------
Melee: Spear             ||    21
       Tailslap          ||     2
       Punch             ||     1
Invok: Foxfire Swarm     ||     1
  Use: Potion            ||     3
Armor: Skin              ||     4
Dodge: Dodged            ||    10

Table legend: (Time is in decaauts)
 A = Elapsed time spent in this place.
 B = Non-inter-level travel time spent in this place.
 C = Inter-level travel time spent in this place.
 D = Time resting spent in this place.
 E = Time spent auto-exploring this place.
 F = Levels seen in this place.
 G = Mean time per level.
                   A        B        C        D        E       F      G
               +--------+--------+--------+--------+--------+-----+--------+
         Total |    380 |    380 |      0 |    341 |      0 |   1 |  380.0 |
       Dungeon |    380 |    380 |      0 |    341 |      0 |   1 |  380.0 |
               +--------+--------+--------+--------+--------+-----+--------+

Top non-repeatable levels by time:
       D: 380 daAuts
